[Event "Titled Tuesday Blitz February 21 Late 2023"]
[White "Karwowski, Kacper"]
[Black "Leonte, Sebastian-Marian"]
[WhiteFideId "1126032"]
[BlackFideId "1268767"]
[WhiteElo "2164"]
[BlackElo "1279"]
[Result "0-1"]
[Round "10"]
[TimeControl "180+2"]
[Date "2023.02.21"]
[WhiteClock "0:00:03"]
[BlackClock "0:00:30"]

1. e4 e5 2. Nf3 Nc6 3. d4 exd4 4. Nxd4 Nf6 5. Nxc6 bxc6 6. Nc3 Bb4 7. Bd3 O-O 8. O-O d5 9. exd5 cxd5 10. Bg5 c6 11. h3 h6 12. Bh4 a5 13. Qf3 Be7 14. Rfe1 Be6 15. Ne2 Rb8 16. Nd4 Bd7 17. Nf5 Bxf5 18. Qxf5 g6 19. Qf4 Kg7 20. Re2 Nh5 21. Qe5+ Bf6 22. Bxf6+ Qxf6 23. Qxf6+ Kxf6 24. b3 Nf4 25. Rd2 a4 26. Kh2 a3 27. g3 Ne6 28. c4 d4 29. Bf1 Rfd8 30. c5 Rd5 31. Rc1 Rc8 32. b4 Rf5 33. Kg1 Rb8 34. Bd3 Re5 35. Rc4 Rd5 36. Be2 Rd7 37. Bg4 Ke5 38. Bxe6 fxe6 39. f4+ Ke4 40. Kg2 Ke3 41. Rcc2 d3 0-1


[Site "https://www.chess.com"]

[Event "Titled Tuesday Blitz February 21 Late 2023"]
[White "Pein, Jonathan"]
[Black "Stanisz, Patryk"]
[WhiteFideId "417092"]
[BlackFideId "1123106"]
[WhiteElo "2265"]
[BlackElo "2161"]
[Result "1-0"]
[Round "10"]
[TimeControl "180+2"]
[Date "2023.02.21"]
[WhiteClock "0:00:08"]
[BlackClock "0:00:02"]

1. b3 d5 2. Bb2 c5 3. e4 d4 4. c3 Nc6 5. Bb5 e5 6. Nf3 Bg4 7. h3 Bxf3 8. Qxf3 Ne7 9. Na3 a6 10. Bc4 f6 11. O-O Ng6 12. Rac1 Rc8 13. cxd4 exd4 14. Qh5 Kd7 15. b4 Nxb4 16. Qf5+ Kc7 17. Be6 Ra8 18. Bxd4 Qxd4 19. Nc4 Ne7 20. Qf4+ Kc6 21. a3 Nd3 22. Na5+ Kb6 23. Rb1+ Kxa5 24. Qc7+ Ka4 25. Bb3+ Kb5 26. a4+ Kb4 27. Qb6+ Ka3 28. Ra1+ Kb2 29. Rfb1# 1-0


[Site "https://www.chess.com"]

[Event "Titled Tuesday Blitz February 21 Late 2023"]
[White "Rian, Kapriaga"]
[Black "Simonovic, Miroslav"]
[WhiteFideId "7103263"]
[BlackFideId "919152"]
[WhiteElo "2089"]
[BlackElo "2082"]
[Result "0-1"]
[Round "10"]
[TimeControl "180+2"]
[Date "2023.02.21"]
[WhiteClock "0:00:17"]
[BlackClock "0:00:13"]

1. d4 Nf6 2. Nf3 c5 3. d5 b5 4. e4 Nxe4 5. Bd3 Nd6 6. O-O c4 7. Be2 e6 8. Re1 Be7 9. Bf4 O-O 10. Nc3 a6 11. a4 b4 12. Nb1 exd5 13. Qxd5 Bb7 14. Qh5 Ne4 15. Nbd2 Nxd2 16. Bxd2 d5 17. Rad1 Qc7 18. Bg5 Bxg5 19. Nxg5 h6 20. Nf3 Nd7 21. b3 Nf6 22. Qh4 cxb3 23. cxb3 Rfe8 24. Bd3 Qc3 25. Rxe8+ Rxe8 26. Nd4 Re1+ 27. Rxe1 Qxe1+ 28. Bf1 Qe4 29. Qxe4 Nxe4 30. a5 Nd2 31. f3 Kf8 32. Bd3 Ke7 33. Kf2 Kd6 34. Ke3 Kc5 35. Bc2 Nf1+ 36. Kd3 Nxh2 37. Nf5 Bc6 38. Nxg7 Bb5+ 39. Ke3 Nf1+ 40. Kf2 Nd2 41. Nf5 d4 42. Nxh6 d3 43. Bd1 Kd4 44. Nxf7 Kc3 45. g4 Nxb3 46. Bxb3 Kxb3 47. g5 d2 48. g6 d1=Q 49. g7 Qc2+ 50. Ke3 Qg6 51. Ne5 Qxg7 52. f4 Qc7 53. Ke4 Bc6+ 54. Kd4 Bd7 55. Ke4 Be6 56. f5 Bxf5+ 57. Kxf5 Qxa5 58. Ke4 Qxe5+ 59. Kxe5 a5 60. Kd4 a4 61. Kc5 a3 62. Kb5 a2 63. Kc5 a1=Q 64. Kb5 Qb2 65. Kc5 Qc3+ 66. Kb5 Kc2 67. Ka5 b3+ 68. Ka4 b2 69. Kb5 b1=Q+ 70. Ka4 Qca1# 0-1


[Site "https://www.chess.com"]

[Event "Titled Tuesday Blitz February 21 Late 2023"]
[White "Kovacs, Klara"]
[Black "Sabar, Ethmane Daouda"]
[WhiteFideId "733210"]
[BlackFideId "19600097"]
[WhiteElo "2121"]
[BlackElo "2040"]
[Result "1-0"]
[Round "10"]
[TimeControl "180+2"]
[Date "2023.02.21"]
[WhiteClock "0:01:29"]
[BlackClock "0:00:03"]

1. d4 d5 2. Nf3 Nf6 3. g3 Bg4 4. Bg2 e6 5. c4 c6 6. O-O Nbd7 7. cxd5 exd5 8. h3 Bh5 9. Qb3 Qb6 10. Qe3+ Be7 11. Nh4 Bg6 12. g4 Bxb1 13. Rxb1 Kf8 14. Nf5 Re8 15. b3 h5 16. Nxe7 Rxe7 17. Ba3 c5 18. dxc5 Qc6 19. Qf3 hxg4 20. hxg4 Ne4 21. Rfd1 Ne5 22. Qf4 g5 23. Qf5 Qh6 24. Rxd5 Qh2+ 25. Kf1 Nc3 26. Rd8+ Kg7 27. Rxh8 Qxh8 28. Rc1 Nxa2 29. c6 Nxc1 30. Bxe7 1-0


[Site "https://www.chess.com"]

[Event "Titled Tuesday Blitz February 21 Late 2023"]
[White "Sailer, Mike"]
[Black "Kostiukov, Alexandr"]
[WhiteFideId "2012901"]
[BlackFideId "14108100"]
[WhiteElo "2109"]
[BlackElo "2271"]
[Result "1-0"]
[Round "10"]
[TimeControl "180+2"]
[Date "2023.02.21"]
[WhiteClock "0:00:25"]
[BlackClock "0:00:59"]

1. d4 g6 2. Bg5 Bg7 3. Nc3 h6 4. Bf4 f5 5. Qd2 g5 6. Bxg5 hxg5 7. Qxg5 d6 8. Qxg7 Be6 9. Qxh8 Nd7 10. Nf3 c6 11. Ng5 Bf7 12. Nxf7 Kxf7 13. Qh7+ Kf8 14. Qxf5+ Ndf6 15. e4 e5 16. O-O-O exd4 17. Rxd4 Qe7 18. Bc4 b5 19. Bxg8 Kxg8 20. h4 a5 21. h5 b4 22. Ne2 Kh8 23. Nf4 Kg8 24. h6 c5 25. Qg5+ Kf7 26. Qg7+ Ke8 27. Qxe7+ Kxe7 28. Nd5+ Ke6 29. Nxf6 Kxf6 30. Rxd6+ Ke5 31. Rg6 a4 32. h7 1-0


[Site "https://www.chess.com"]

[Event "Titled Tuesday Blitz February 21 Late 2023"]
[White "Skaric, Djuro"]
[Black "Vaglio Munoz, Jaime"]
[WhiteFideId "934569"]
[BlackFideId "6500145"]
[WhiteElo "2334"]
[BlackElo "2174"]
[Result "1-0"]
[Round "10"]
[TimeControl "180+2"]
[Date "2023.02.21"]
[WhiteClock "0:00:50"]
[BlackClock "0:00:01"]

1. g3 e5 2. Bg2 Nc6 3. d3 Bc5 4. Nc3 d6 5. e4 a5 6. Nge2 Nge7 7. O-O O-O 8. h3 f5 9. Kh2 fxe4 10. Nxe4 Bb6 11. f4 Bf5 12. c3 h6 13. g4 Bh7 14. f5 d5 15. N4g3 d4 16. Ne4 Kh8 17. N2g3 Nd5 18. Nh5 dxc3 19. bxc3 Ne3 20. Bxe3 Bxe3 21. Qf3 Bf4+ 22. Kh1 g5 23. Rad1 Qe8 24. Rfe1 Qf7 25. d4 Qxa2 26. d5 Ne7 27. Nef6 Rad8 28. Nxh7 Kxh7 29. d6 Ng6 30. Qxb7 Qf7 31. dxc7 Rc8 32. Rd8 Rxc7 33. Rxf8 Rxb7 34. fxg6+ Qxg6 35. Be4 Qxe4+ 36. Rxe4 Rb1+ 37. Kg2 Rc1 38. Rc4 e4 39. Rxe4 Bd6 40. Rd8 Rc2+ 41. Kf1 Rd2 42. c4 a4 43. Rd7+ Kg8 44. Re8+ Bf8 45. Rxd2 a3 46. Rd7 a2 47. Ra8 a1=Q+ 48. Rxa1 Bg7 49. Ra8+ 1-0


[Site "https://www.chess.com"]

[Event "Titled Tuesday Blitz February 21 Late 2023"]
[White "Stachanczyk, Jacek"]
[Black "Calcada, Lucas Galvan"]
[WhiteFideId "1116657"]
[BlackFideId "22746099"]
[WhiteElo "2147"]
[BlackElo "1739"]
[Result "1-0"]
[Round "10"]
[TimeControl "180+2"]
[Date "2023.02.21"]
[WhiteClock "0:01:49"]
[BlackClock "0:02:06"]

1. e4 c5 2. Nf3 d6 3. d4 cxd4 4. Nxd4 Nf6 5. Nc3 a6 6. Bg5 e6 7. f4 Qc7 8. Qf3 Nbd7 9. O-O-O Rb8 10. g4 Be7 11. Bxf6 Bxf6 12. g5 Be7 13. h4 b5 14. h5 b4 15. Nce2 Bb7 16. Ng3 Rc8 17. Bd3 Nc5 18. Kb1 d5 19. e5 Nxd3 20. cxd3 Qc5 21. Nge2 a5 22. g6 hxg6 23. hxg6 Rxh1 24. Rxh1 Ba6 25. gxf7+ Kd7 26. f5 exf5 27. Qxf5+ Kc7 28. Ne6+ 1-0


[Site "https://www.chess.com"]

[Event "Titled Tuesday Blitz February 21 Late 2023"]
[White "Torres Dominguez, David"]
[Black "Ruiz Aguilar, Pablo Alexander"]
[WhiteFideId "2220857"]
[BlackFideId "4401352"]
[WhiteElo "1994"]
[BlackElo "2161"]
[Result "0-1"]
[Round "10"]
[TimeControl "180+2"]
[Date "2023.02.21"]
[WhiteClock "0:02:23"]
[BlackClock "0:01:59"]

1. e4 c5 2. Nc3 e6 3. Nf3 a6 4. d4 cxd4 5. Nxd4 Qc7 6. Bd3 Nf6 7. O-O Nc6 8. Nxc6 bxc6 9. Re1 e5 10. Qe2 Bc5 11. Be3 Bxe3 12. Qxe3 d6 13. a4 a5 14. Bc4 O-O 15. Bb3 Be6 16. Bxe6 fxe6 17. b3 Nh5 18. g3 Rf7 19. Rad1 Raf8 20. Rd2 Nf6 21. Red1 Ng4 22. Qe1 d5 23. h3 Nxf2 24. Rxf2 Rxf2 25. Qe3 R2f3 26. Qg5 Rxc3 0-1


[Site "https://www.chess.com"]

[Event "Titled Tuesday Blitz February 21 Late 2023"]
[White "Arvelo Leo, Gian Carlo"]
[Black "Mitrovic, Darko R"]
[WhiteFideId "6402720"]
[BlackFideId "927023"]
[WhiteElo "2075"]
[BlackElo "2220"]
[Result "0-1"]
[Round "10"]
[TimeControl "180+2"]
[Date "2023.02.21"]
[WhiteClock "0:00:05"]
[BlackClock "0:00:10"]

1. d4 Nf6 2. c4 g6 3. Nc3 Bg7 4. e4 d6 5. Nf3 O-O 6. Be2 Nc6 7. d5 Na5 8. b4 Nxe4 9. Nxe4 Nxc4 10. Bxc4 Bxa1 11. Bh6 Bg7 12. Bxg7 Kxg7 13. Qd4+ Kg8 14. h4 c5 15. dxc6 bxc6 16. Neg5 e5 17. Nxe5 dxe5 18. Bxf7+ Kg7 19. Qxe5+ Qf6 20. Qxf6+ Kxf6 21. Bb3 Re8+ 22. Kd2 h6 23. Nf7 h5 24. Ng5 Bf5 25. f3 Rad8+ 26. Kc1 Re2 27. Rd1 Rxd1+ 28. Kxd1 Rxg2 29. a4 Rh2 30. b5 cxb5 31. axb5 Rxh4 32. Nh7+ Kg7 33. Ng5 Rb4 0-1


[Site "https://www.chess.com"]

[Event "Titled Tuesday Blitz February 21 Late 2023"]
[White "Fajdetic, Hrvoje"]
[Black "Wang, Alexander J"]
[WhiteFideId "14501945"]
[BlackFideId "30955270"]
[WhiteElo "2151"]
[BlackElo "1815"]
[Result "0-1"]
[Round "10"]
[TimeControl "180+2"]
[Date "2023.02.21"]
[WhiteClock "0:00:01"]
[BlackClock "0:00:30"]

1. f4 d5 2. Nf3 c5 3. e3 Nc6 4. Bb5 Bd7 5. Bxc6 Bxc6 6. O-O Nf6 7. b3 e6 8. Bb2 Be7 9. d3 b6 10. Nbd2 O-O 11. Ne5 Bb7 12. Qe1 Nd7 13. Ndf3 Nxe5 14. Nxe5 f6 15. Nf3 Bd6 16. Qg3 Qe7 17. Rae1 Rae8 18. e4 d4 19. e5 fxe5 20. Nxe5 Bxe5 21. Rxe5 Qf6 22. Bc1 Bd5 23. Rfe1 Qg6 24. Qh3 Rd8 25. Bd2 Rf5 26. Rxf5 exf5 27. Re5 Bc6 28. b4 Re8 29. bxc5 Rxe5 30. fxe5 bxc5 31. Bf4 Qe6 32. Qh4 Qd5 33. Qf2 h6 34. a3 a5 35. h3 a4 36. Bd2 Qxe5 37. Ba5 Qd5 38. Bb6 Kh7 39. Ba7 Bb7 40. Bb6 Ba8 41. Ba7 g6 42. Bb6 Qd6 43. Ba7 Bd5 0-1


[Site "https://www.chess.com"]

[Event "Titled Tuesday Blitz February 21 Late 2023"]
[White "Clawitter, Craig"]
[Black "Eckert, Doug"]
[WhiteFideId "2023105"]
[BlackFideId "2001993"]
[WhiteElo "2050"]
[BlackElo "2075"]
[Result "1-0"]
[Round "10"]
[TimeControl "180+2"]
[Date "2023.02.21"]
[WhiteClock "0:01:11"]
[BlackClock "0:01:20"]

1. e4 e5 2. Nc3 Nf6 3. g3 d5 4. exd5 c6 5. Bg2 Bc5 6. Nge2 O-O 7. O-O cxd5 8. d4 exd4 9. Nxd4 Nc6 10. Nb3 Bb6 11. Nxd5 Nxd5 12. Qxd5 Qf6 13. c3 h6 14. Bf4 Rd8 15. Qb5 Bg4 16. h3 Bh5 17. Qxh5 1-0


[Site "https://www.chess.com"]

[Event "Titled Tuesday Blitz February 21 Late 2023"]
[White "De Souza, Cristiano Gomes"]
[Black "Better_Chess_Faster"]
[WhiteFideId "2151758"]
[WhiteElo "2018"]
[BlackElo "1982"]
[Result "1-0"]
[Round "10"]
[TimeControl "180+2"]
[Date "2023.02.21"]
[WhiteClock "0:02:34"]
[BlackClock "0:01:55"]

1. d4 f5 2. g3 Nf6 3. Bg2 d5 4. Nf3 e6 5. O-O Bd6 6. b3 O-O 7. Ba3 Nbd7 8. Qc1 Ne4 9. c4 Ndf6 10. Bxd6 cxd6 11. Nc3 Nxc3 12. Qxc3 Ne4 13. Qc2 dxc4 14. bxc4 b6 15. Nd2 Bb7 16. Nxe4 fxe4 17. Bxe4 Bxe4 18. Qxe4 Qf6 19. f4 Rac8 20. Rac1 Rc7 21. Rc3 Rfc8 22. Rfc1 d5 23. Qd3 Qf5 24. Qxf5 exf5 25. c5 bxc5 26. Rxc5 Rxc5 27. dxc5 Kf7 28. Kf2 Ke6 29. Ke3 Rc6 30. Kd4 Ra6 31. c6 Ra4+ 32. Kc5 Rc4+ 33. Rxc4 dxc4 34. Kxc4 Kd6 35. Kb5 a6+ 36. Kb6 1-0


[Site "https://www.chess.com"]

[Event "Titled Tuesday Blitz February 21 Late 2023"]
[White "Desideri, Ricardo Maruchi"]
[Black "Huang, Alex"]
[WhiteFideId "2110440"]
[BlackFideId "4302508"]
[WhiteElo "1959"]
[BlackElo "2009"]
[Result "0-1"]
[Round "10"]
[TimeControl "180+2"]
[Date "2023.02.21"]
[WhiteClock "0:00:01"]
[BlackClock "0:01:03"]

1. e4 d6 2. d4 Nf6 3. Nc3 g6 4. Be2 Bg7 5. g4 a6 6. g5 Nfd7 7. f4 b5 8. a3 Bb7 9. Be3 e5 10. dxe5 dxe5 11. f5 gxf5 12. exf5 Bxh1 13. f6 Nxf6 14. gxf6 Qxd1+ 15. Rxd1 Bxf6 16. Nd5 Bxd5 17. Rxd5 Nd7 18. Bg4 Rd8 19. Nf3 Rg8 20. Bh5 Ke7 21. Bd2 Ke6 22. Rd3 Nb6 23. Rc3 Rd7 24. Rc6+ Kd5 25. Rxf6 e4 26. Bxf7+ Rxf7 27. Rxf7 exf3 28. Rxf3 Nc4 29. Rd3+ Kc6 30. Bc3 Rg1+ 31. Kf2 Rh1 32. Kg2 Rc1 0-1


[Site "https://www.chess.com"]

[Event "Titled Tuesday Blitz February 21 Late 2023"]
[White "Melikyan, Gnel"]
[Black "Gamboa, Juan Pablo"]
[WhiteFideId "54109990"]
[BlackFideId "105180"]
[WhiteElo "2238"]
[BlackElo "2224"]
[Result "1-0"]
[Round "10"]
[TimeControl "180+2"]
[Date "2023.02.21"]
[WhiteClock "0:00:43"]
[BlackClock "0:00:25"]

1. h4 e5 2. a4 d5 3. c4 d4 4. e4 c5 5. d3 Nc6 6. f4 f5 7. exf5 Bxf5 8. g4 Bd7 9. f5 Bd6 10. Nd2 Qa5 11. Kf2 Nge7 12. Ne4 Bc7 13. Bd2 Qb6 14. a5 Qxb2 15. Nxc5 O-O-O 16. Bg2 g6 17. f6 Rhf8 18. g5 h6 19. Rb1 Qa3 20. Nxb7 Qxd3 21. Nxd8 Nxd8 22. Qb3 Qxd2+ 23. Ne2 Qe3+ 24. Qxe3 dxe3+ 25. Kxe3 Nf5+ 26. Kf2 Bc6 27. Bh3 Bxh1 28. Bxf5+ gxf5 29. Rxh1 hxg5 30. hxg5 Ne6 31. Rh5 Bxa5 32. Ng3 Bb6+ 33. Kf1 Nxg5 34. Rxg5 Rxf6 35. Nxf5 Kd7 36. Ke2 Rxf5 37. Rxf5 Bd4 38. Kd3 Kc6 39. Rf6+ Kc5 40. Ra6 Kb4 41. Rd6 a5 42. Rd5 a4 43. Rb5+ Ka3 44. c5 Bxc5 45. Rxc5 Kb3 46. Rb5+ Ka2 47. Rxe5 a3 48. Kc2 Ka1 49. Kb3 a2 50. Re1# 1-0


[Site "https://www.chess.com"]

[Event "Titled Tuesday Blitz February 21 Late 2023"]
[White "Yedidia, Daniel"]
[Black "Gamage, Wanshini Vidusama"]
[WhiteFideId "30905907"]
[BlackFideId "9953752"]
[WhiteElo "2041"]
[BlackElo "1089"]
[Result "1-0"]
[Round "10"]
[TimeControl "180+2"]
[Date "2023.02.21"]
[WhiteClock "0:01:31"]
[BlackClock "0:01:15"]

1. d4 Nf6 2. c4 g6 3. Nc3 d5 4. cxd5 Nxd5 5. Bd2 Bg7 6. e4 Nxc3 7. Bxc3 O-O 8. Qd2 Nd7 9. Nf3 b6 10. Bc4 e6 11. h4 h5 12. Ng5 c5 13. d5 exd5 14. Qxd5 Rb8 15. Nxf7 Qe7 16. Ng5+ Kh8 17. Bxg7+ Kxg7 18. Ne6+ Kh7 19. Nxf8+ Qxf8 20. O-O Nf6 21. Qe5 Bb7 22. f3 Re8 23. Qg3 Qd6 24. Qxd6 1-0


[Site "https://www.chess.com"]

[Event "Titled Tuesday Blitz February 21 Late 2023"]
[White "ArturoCaceres"]
[Black "Kohler, Aran"]
[BlackFideId "1002856"]
[WhiteElo "2405"]
[BlackElo "2010"]
[Result "1-0"]
[Round "10"]
[TimeControl "180+2"]
[Date "2023.02.21"]
[WhiteClock "0:00:40"]
[BlackClock "0:00:01"]

1. e4 c5 2. Nf3 d6 3. d4 cxd4 4. Nxd4 Nf6 5. Nc3 a6 6. Bg5 e6 7. f4 Qb6 8. Qd2 Qxb2 9. Rb1 Qa3 10. Be2 Nbd7 11. O-O Qc5 12. f5 e5 13. Be3 exd4 14. Bxd4 Qc7 15. Rfe1 Be7 16. Qg5 O-O 17. Rb3 Ne5 18. Qg3 b5 19. Be3 Bb7 20. Bh6 Ne8 21. Bh5 Bf6 22. Rd1 Kh8 23. Bf4 g6 24. Be2 gxf5 25. Qh3 Rg8 26. Qxf5 Bc8 27. Qh5 Ng7 28. Qh6 Qd8 29. Nd5 Be7 30. Bxe5 dxe5 31. Rg3 Be6 32. Bg4 Bg5 33. Qh3 Bxd5 34. Rxd5 Qb6+ 35. Kh1 Qf2 36. Rd1 Rad8 37. Rb1 Qxc2 38. Rf1 Bf4 39. Rgf3 Rd1 40. Rxf4 Rxf1+ 41. Rxf1 Qxe4 42. Bf3 Qg6 43. Re1 Re8 44. Be4 f5 45. Bf3 e4 46. Be2 Qe6 47. Qc3 Kg8 48. a4 bxa4 49. Bc4 Nh5 50. Bxe6+ Rxe6 51. Qc8+ 1-0


[Site "https://www.chess.com"]

[Event "Titled Tuesday Blitz February 21 Late 2023"]
[White "Romero Ruscalleda, Josep"]
[Black "Michalski, Olaf"]
[WhiteFideId "2231859"]
[BlackFideId "1106740"]
[WhiteElo "2160"]
[BlackElo "2273"]
[Result "0-1"]
[Round "10"]
[TimeControl "180+2"]
[Date "2023.02.21"]
[WhiteClock "0:00:02"]
[BlackClock "0:00:04"]

1. e4 c5 2. c3 d5 3. exd5 Qxd5 4. d4 e5 5. Nf3 Nc6 6. Be3 e4 7. Nfd2 cxd4 8. cxd4 Nf6 9. Nc3 Qf5 10. Qb3 Bb4 11. Bc4 O-O 12. O-O Bxc3 13. bxc3 Na5 14. Qc2 Nxc4 15. Nxc4 Ng4 16. h3 Nxe3 17. Nxe3 Qf4 18. Nd5 Qg5 19. Qxe4 Bxh3 20. f4 Qg4 21. Ne7+ Kh8 22. Kh2 Bxg2 23. Qxg2 Qh4+ 24. Qh3 Qxe7 25. Rae1 Qf6 26. Re5 Rae8 27. Rf3 h6 28. Qg4 Re6 29. Rfe3 Rxe5 30. dxe5 Qe6 31. f5 Qxa2+ 32. Kg3 Qd2 33. Rf3 Qe1+ 34. Kg2 Qxe5 35. Qb4 Qb8 36. Rg3 Re8 37. f6 g6 38. Qh4 Kh7 39. Rf3 Qe5 40. Qf2 Qe2 41. Kg3 Qxf2+ 42. Kxf2 Re6 43. Kf1 a5 44. Kf2 a4 45. c4 a3 46. Rxa3 Rxf6+ 47. Ke3 Rc6 48. Kd4 h5 49. Rb3 b6 50. Kd5 Rf6 51. Kd4 Kg7 52. Re3 g5 53. Re5 Kg6 54. Rb5 g4 55. Rb3 h4 56. Ke4 g3 57. Re3 Kg5 58. Rd3 Kg4 59. Rd8 g2 60. Rg8+ Rg6 61. Rf8 g1=Q 62. Rxf7 Qe1+ 63. Kd5 Qh1+ 64. Kd4 Qd1+ 65. Kc3 Qc1+ 66. Kb4 Rd6 67. Kb5 Rd4 68. Rg7+ Kh5 69. Kxb6 Kh6 70. Rc7 Qb2+ 71. Kc5 Qc3 72. Rc6+ Kh5 73. Kb5 Qb3+ 74. Ka6 Rxc4 75. Rb6 Qa4+ 76. Kb7 Rb4 77. Kc7 Rxb6 78. Kxb6 Qb4+ 0-1


[Site "https://www.chess.com"]

[Event "Titled Tuesday Blitz February 21 Late 2023"]
[White "Melikhov, Evgeny V."]
[Black "Roman, Rodrigo"]
[WhiteFideId "4122046"]
[BlackFideId "3701220"]
[WhiteElo "2269"]
[BlackElo "2058"]
[Result "1-0"]
[Round "10"]
[TimeControl "180+2"]
[Date "2023.02.21"]
[WhiteClock "0:00:13"]
[BlackClock "0:00:33"]

1. d4 Nf6 2. c4 e6 3. Nc3 Bb4 4. Qc2 O-O 5. e4 d5 6. e5 Ne4 7. Bd3 c5 8. Nf3 cxd4 9. Nxd4 Nd7 10. Bf4 Qh4 11. g3 Qh5 12. O-O g5 13. cxd5 Nxc3 14. bxc3 Bxc3 15. Qxc3 gxf4 16. dxe6 fxe6 17. Nxe6 Nxe5 18. Nxf8 Kxf8 19. Qb4+ Kg8 20. Qxf4 Nxd3 21. Qc4+ Kg7 22. Qxd3 Bf5 23. Qd4+ Kg6 24. f3 Qg5 25. Rad1 Re8 26. Qf4 Qxf4 27. gxf4 Re2 28. Rf2 Re3 29. Rg2+ Kf6 30. Kf2 Ra3 31. Kg3 h5 32. h4 Bg4 33. Rf2 Be6 34. Rdd2 b5 35. Rb2 a6 36. Rfe2 Bd5 37. Rf2 Bc4 38. Rbd2 Ke6 39. Rg2 Bd5 40. Rge2+ Kd6 41. Re5 Rxf3+ 42. Kh2 Rxf4 43. Rexd5+ Kc6 44. Rxh5 a5 45. Kg3 Rc4 46. Rg5 b4 47. h5 a4 48. h6 b3 49. axb3 axb3 50. Rb2 Rc3+ 51. Kf4 Rh3 52. Rg3 Rxh6 53. Rgxb3 Rh4+ 54. Kg5 Rh1 55. Rd3 Kc5 56. Rc2+ Kb4 57. Rc8 Rg1+ 58. Kf4 Rf1+ 59. Ke3 Rh1 60. Rd7 Rh3+ 61. Kf2 Rh2+ 62. Kg3 Rh6 63. Rb7+ Ka5 64. Ra8+ Ra6 65. Rxa6+ Kxa6 66. Rb1 Ka5 67. Kf4 Ka4 68. Ke4 Ka3 69. Kd4 Ka4 70. Kc3 Ka5 71. Kc4 Ka6 72. Kc5 Ka7 73. Kc6 Ka8 74. Kc7 Ka7 75. Ra1# 1-0


[Site "https://www.chess.com"]

[Event "Titled Tuesday Blitz February 21 Late 2023"]
[White "Pissama Ntsaou, Martial"]
[Black "Jesusesmifuerza"]
[WhiteFideId "17400864"]
[WhiteElo "1430"]
[BlackElo "2009"]
[Result "1-0"]
[Round "10"]
[TimeControl "180+2"]
[Date "2023.02.21"]
[WhiteClock "0:01:43"]
[BlackClock "0:02:09"]

1. e4 c5 2. Nf3 e6 3. g3 Nc6 4. Bg2 d6 5. O-O Nf6 6. d4 Nxe4 7. Re1 Nf6 8. d5 Nb8 9. dxe6 Bxe6 10. Ng5 Be7 11. Bxb7 Nbd7 12. Bxa8 Qxa8 13. Nxe6 fxe6 14. Rxe6 Ne5 15. Rxe5 dxe5 16. Nd2 O-O 17. Qe2 e4 18. b3 h5 19. Bb2 Ng4 20. Qxe4 Rxf2 21. Qxa8+ 1-0


[Site "https://www.chess.com"]

[Event "Titled Tuesday Blitz February 21 Late 2023"]
[White "Caruana, Fabiano"]
[Black "Vachier-Lagrave, Maxime"]
[WhiteFideId "2020009"]
[BlackFideId "623539"]
[WhiteElo "2764"]
[BlackElo "2742"]
[Result "1/2-1/2"]
[Round "11"]
[TimeControl "180+2"]
[Date "2023.02.21"]
[WhiteClock "0:00:54"]
[BlackClock "0:01:21"]

1. c4 e5 2. Nc3 Nf6 3. Nf3 Nc6 4. g3 Bb4 5. Bg2 O-O 6. Nd5 Re8 7. Nxb4 Nxb4 8. a3 Nc6 9. d3 e4 10. dxe4 Nxe4 11. O-O d6 12. e3 Bg4 13. h3 Bxf3 14. Qxf3 a5 15. b3 Qf6 16. Qxf6 Nxf6 17. Bb2 Ne4 18. Bxe4 Rxe4 19. Rac1 b6 20. Kg2 f6 21. Rfd1 Kf7 22. h4 Nd8 23. Kf3 Re8 24. Bc3 Nc6 25. Ke2 Ne5 26. Rd4 Nc6 27. Rf4 Ne5 28. h5 h6 29. Bb2 Nd7 30. Bc3 Nc5 31. Rb1 Rad8 32. Rd4 Ne4 33. Be1 Ra8 34. f3 Nc5 35. g4 Ne6 36. Rdd1 Nc5 37. e4 Nd7 38. Bf2 Ne5 39. Be3 a4 40. Bd4 axb3 41. Bxe5 Rxe5 42. Rxb3 1/2-1/2


[Site "https://www.chess.com"]

[Event "Titled Tuesday Blitz February 21 Late 2023"]
[White "Nakamura, Hikaru"]
[Black "Fedoseev, Vladimir"]
[WhiteFideId "2016192"]
[BlackFideId "24130737"]
[WhiteElo "2775"]
[BlackElo "2680"]
[Result "0-1"]
[Round "11"]
[TimeControl "180+2"]
[Date "2023.02.21"]
[WhiteClock "0:00:29"]
[BlackClock "0:00:11"]

1. Nf3 d5 2. g3 Nf6 3. Bg2 e6 4. d3 Be7 5. Nbd2 Nc6 6. d4 O-O 7. O-O b5 8. c3 Bb7 9. Ne1 e5 10. e3 b4 11. Nc2 a5 12. Re1 Re8 13. a4 Bd6 14. Nb3 bxc3 15. bxc3 Ba6 16. Ba3 Ne4 17. Nc5 Bxc5 18. Bxc5 Nxc5 19. dxc5 e4 20. Bf1 Ne5 21. Nd4 Bxf1 22. Rxf1 Qe7 23. Rb1 Qxc5 24. Rb5 Qc4 25. Qb3 Qxb3 26. Rxb3 c5 27. Nb5 Nf3+ 28. Kg2 Nd2 29. Rb2 Nxf1 30. Kxf1 Rab8 31. Rc2 Red8 32. Ke1 c4 33. Rd2 Rb7 34. Ke2 g6 35. f4 f5 36. h3 Kf7 37. Kf2 h5 38. g4 hxg4 39. hxg4 fxg4 40. Kg3 Kf6 41. Rh2 Rdb8 42. Kxg4 Rxb5 43. axb5 Rxb5 44. Ra2 Kf7 45. Ra1 Kf6 46. Ra2 Ke6 47. Ra1 Rb3 48. Rxa5 Rxc3 49. Ra6+ Kd7 50. Rxg6 Rxe3 51. Rg7+ Kc6 52. Rg6+ Kc5 53. Rg8 Rf3 54. f5 c3 55. Rc8+ Kd4 56. Kg5 Kd3 57. f6 c2 0-1


[Site "https://www.chess.com"]

[Event "Titled Tuesday Blitz February 21 Late 2023"]
[White "Andreikin, Dmitry"]
[Black "Tabatabaei, M. Amin"]
[WhiteFideId "4158814"]
[BlackFideId "12521213"]
[WhiteElo "2729"]
[BlackElo "2677"]
[Result "1/2-1/2"]
[Round "11"]
[TimeControl "180+2"]
[Date "2023.02.21"]
[WhiteClock "0:00:04"]
[BlackClock "0:00:08"]

1. Nf3 d5 2. e3 Nf6 3. c4 e6 4. d4 a6 5. b3 b6 6. Bb2 Bb7 7. Nbd2 Nbd7 8. Bd3 Bd6 9. O-O O-O 10. Qc2 Rc8 11. e4 dxe4 12. Nxe4 Nxe4 13. Bxe4 Bxe4 14. Qxe4 Nf6 15. Qb7 a5 16. Rad1 Rb8 17. Qc6 Qd7 18. Qxd7 Nxd7 19. Rfe1 a4 20. g3 Rfd8 21. Kg2 Ra8 22. Bc3 axb3 23. axb3 Ra3 24. Nd2 Rda8 25. h4 h5 26. Ra1 Nf6 27. Rxa3 Rxa3 28. Ra1 Rxa1 29. Bxa1 Bb4 30. Nb1 Ne4 31. Kf3 f5 32. Ke2 Kf7 33. Bb2 f4 34. Kf3 fxg3 35. fxg3 Nd6 36. Bc3 Bxc3 37. Nxc3 Nf5 38. Ne2 c5 39. dxc5 bxc5 40. Ke4 Kf6 41. Kf3 Ke5 42. Nf4 Nd4+ 43. Ke3 Nf5+ 44. Kf2 Nxh4 45. Nd3+ Kd4 46. Nxc5 Nf5 47. Nxe6+ Kc3 48. c5 Kxb3 49. c6 Ne7 50. c7 g6 51. Nf4 Kc4 52. Nxg6 Nc8 53. Nf4 Kc5 54. Nxh5 Kd6 55. g4 Kxc7 56. g5 Kd6 57. g6 Ke7 58. Kf3 Kf8 59. Kf4 Ne7 60. g7+ Kf7 61. Kg5 Ng8 62. Kf5 Nh6+ 63. Ke5 Ng8 64. Kd6 Nf6 65. Nxf6 Kxg7 1/2-1/2


[Site "https://www.chess.com"]

[Event "Titled Tuesday Blitz February 21 Late 2023"]
[White "Babazada, Khazar"]
[Black "Nihal Sarin"]
[WhiteFideId "13413554"]
[BlackFideId "25092340"]
[WhiteElo "2474"]
[BlackElo "2673"]
[Result "0-1"]
[Round "11"]
[TimeControl "180+2"]
[Date "2023.02.21"]
[WhiteClock "0:01:45"]
[BlackClock "0:01:07"]

1. Nf3 d5 2. g3 g6 3. Bg2 Bg7 4. d3 Nc6 5. O-O e5 6. Nbd2 d4 7. e4 dxe3 8. fxe3 Nf6 9. Qe2 e4 10. dxe4 O-O 11. e5 Ng4 12. Nc4 Qe7 13. c3 Ngxe5 14. Nfxe5 Nxe5 15. Nxe5 Bxe5 16. e4 Be6 17. Be3 Rfd8 18. Qf2 b6 19. Bd4 Qg5 20. Be3 Qe7 21. Bd4 Qd6 22. Rad1 c5 23. Bxe5 Qxe5 24. Qf4 Qxf4 25. gxf4 Bxa2 26. e5 Rab8 27. Ra1 Bc4 28. Rf2 a5 29. f5 gxf5 30. Rxf5 Rd2 31. Rf4 Be6 32. b4 axb4 33. cxb4 c4 34. b5 Rbd8 0-1


[Site "https://www.chess.com"]